 Dungeon Crawl Stone Soup version 0.19-a0-1637-gfc13266 (webtiles) character file.

52823 jacquesderrida the Carver (level 14, -3/77 HPs)
             Began as a Vine Stalker Skald on Sept 18, 2016.
             Was a High Priest of Ashenzari.
             Slain by an orc knight
             ... wielding a +0 war axe
              (34 damage)
             ... on level 11 of the Dungeon on Sept 19, 2016.
             The game lasted 01:00:15 (8795 turns).

jacquesderrida the Carver (Vine Stalker Skald)      Turns: 8795, Time: 01:00:16

Health: -3/77      AC: 24    Str: 15    XL:     14   Next: 65%
Magic:  0/25       EV: 21    Int: 13    God:    Ashenzari [*****.]
Gold:   369        SH:  0    Dex: 18    Spells: 5 memorised, 16 levels left

rFire  . . .     SeeInvis +     e - +4 demon blade (vamp)
rCold  + . .     Gourm    .     g - +2 leather armour {rC+}
rNeg   . . .     Faith    .     (no shield)
rPois  +         Spirit   +     Z - +2 helmet (curse)
rElec  .         Dismiss  .     K - +2 cloak {rPois} (curse)
rCorr  .         Reflect  .     l - +2 pair of gloves (curse)
MR     +....     Harm     .     (no boots)
Stlth  +++....... Clarity  +    u - amulet of regeneration
                                H - +5 ring of protection
                                p - +5 ring of protection

@: repel missiles
A: fangs 3, regeneration 2, magic shield, antimagic bite, no device heal 3, rot
immunity
a: Curse Item, Scrying, Transfer Knowledge, Renounce Religion


You were on level 11 of the Dungeon.
You worshipped Ashenzari.
Ashenzari was extremely pleased with you.
You were not hungry.

You visited 3 branches of the dungeon, and saw 20 of its levels.
You visited 1 bazaar.
You also visited: Labyrinth and Bailey.

You collected 1560 gold pieces.
You spent 1191 gold pieces at shops.

Inventory:

Hand Weapons
 e - a +4 vampiric demon blade (weapon)
 i - a +2 scimitar of flaming
 z - a +2 great sword of slicing
Missiles
 v - 4 throwing nets (quivered)
Armour
 b - a +2 leather armour of fire resistance
 g - a +2 leather armour of cold resistance (worn)
 k - a +0 leather armour of magic resistance
 l - a cursed +2 pair of gloves (worn)
 K - a cursed +2 cloak of poison resistance (worn)
 Z - a cursed +2 helmet (worn)
Jewellery
 p - a +5 ring of protection (left hand)
 q - an uncursed ring of protection from cold
 u - an amulet of regeneration (around neck)
 B - the ring of Zuodona {+Fly rF+}
   (You found it on level 6 of the Lair of Beasts)

   [ring of flight]

   It protects you from fire.
   It lets you fly.
 H - a +5 ring of protection (right hand)
Wands
 f - a wand of polymorph (16/24)
 o - a wand of acid (4/15)
 O - a wand of digging (20/24)
 Q - a wand of disintegration (8/24)
Scrolls
 c - a scroll of fear
 h - 2 scrolls of enchant armour
 j - 7 scrolls of remove curse
 n - a scroll of noise
 s - a scroll of identify
 t - a scroll of fog
 A - 2 scrolls of enchant weapon
 L - a scroll of teleportation
 P - a scroll of recharging
 X - 2 scrolls of vulnerability {unknown}
 Y - 3 scrolls of magic mapping
Potions
 m - a potion of lignification
 r - 4 potions of curing
 x - 3 potions of brilliance
 E - a potion of haste {unknown}
 G - a potion of might
Miscellaneous
 F - a fan of gales
Comestibles
 a - 3 chunks of flesh
 d - 12 bread rations


   Skills:
 + Level 10.5 Fighting
 - Level 14.5 Long Blades
 + Level 3.0 Armour
 + Level 9.5(12.0) Dodging
 + Level 3.3(5.7) Stealth
 - Level 7.1 Spellcasting
 - Level 5.1 Hexes
 - Level 7.1 Charms


You had 16 spell levels left.
You knew the following spells:

 Your Spells              Type           Power        Failure   Level  Hunger
a - Infusion              Chrm           ###.         1%          1    None
b - Blink                 Tloc           N/A          30%         2    #......
m - Repel Missiles        Chrm/Air       ##....       10%         2    #......
r - Regeneration          Chrm/Necr      ##........   14%         3    ##.....
s - Spectral Weapon       Hex/Chrm       ###.....     6%          3    ##.....


Dungeon Overview and Level Annotations

Branches:
Dungeon (12/15)            Temple (0/1) D:7            Lair (6/6) D:9
 Shoals (0/4) Lair:4          Orc (2/2) D:11            Elf (0/3) Orc:2
  Snake: Lair:2-4    Spider: Lair:2-4     Slime: Lair:5-6

Altars:
Ashenzari
Xom
Zin
The Shining One
Beogh

Shops:
D:6 [   D:9 :   D:10 (!*[   Orc:1 ?   Orc:2 =%:%

Portals:
Trove: D:11 (give 8 scrolls of blinking)

Annotations:
D:9 Psyche
Lair:5 Kirke


Innate Abilities, Weirdness & Mutations

You have razor-sharp teeth.
You heal very quickly.
When hurt, damage is shared between your health and your magic reserves.
Your bite disrupts and absorbs the magic of your enemies.
Potions and wands cannot restore your health.
You are immune to rotting.


Message History

Unknown command.
The orc priest calls down the wrath of Beogh upon you.
Beogh smites you!
The orc knight hits you with a war axe!!
The warg howls!
You climb upwards.
Welcome back to the Dungeon!
There is a staircase to the Orcish Mines here.
Unknown command.
You closely miss the orc knight. You slash the orc knight!
You feel better.
You bite the orc knight, but do no damage.
The orc knight is lightly wounded.
The orc knight hits you with a war axe!!
You barely miss the orc knight.
The orc knight is lightly wounded.
You barely miss the orc knight.
The orc knight is lightly wounded.
The orc knight hits you with a war axe!!
The orc knight hits you with a war axe!!!
You die...

##...##.<...# * ,** ,,
,* **, #..####.....#
,,,* {, , ',, ..##
###############,,,, ,
### #......>......# ,
,, ,* ,, #
#.............#*' *** ,
# #...⌠.._..⌠...#*,* #
#.............# , #
#..).[.8..o...#*,* #
####8'8#####8@8## ,* ##
#...).[........[..#
.###...).:.....#.###.#*
* ***
...#..)..........# * #
, , .#.#.).........###
,, * * .#.#...........#
* , * *
.#..)..........###.* *
*, .###...(...........#
* *,, .#
#...........#####, ,


You could see an orc knight.

Vanquished Creatures
  Gastronok (Lair:1)
  An orc warlord (Orc:2)
  The ghost of 4thArraOfDagon the Grappler, a journeyman TrWr of Sif Muna (Orc:1)
  Erolcha (Orc:2)
  Erica (Lair:1)
  5 orc high priests (Orc:2)
  An unseen horror (Lab)
  11 orc knights
  2 hill giants (D:10)
  A wolf spider (Lair:6)
  A cyclops (Orc:2)
  An orc sorcerer (Orc:2)
  2 sirens (Lair:4)
  Maurice (Orc:1)
  A guardian serpent (Lair:6)
  3 elephants (Lair:3)
  8 black mambas
  A centaur skeleton (D:11)
  4 rime drakes
  3 komodo dragons
  7 spiny frogs
  A torpor snail (Lair:4)
  3 trolls (Orc:1)
  8 polar bears (Lair:6)
  A merfolk (Lair:4)
  6 raiju (Lair:6)
  14 blink frogs
  4 dream sheep (Lair:4)
  11 hippogriffs
  A shadow (D:11)
  A vampire (D:10)
  5 wyverns
  14 yaks
  2 basilisks
  3 hungry ghosts
  7 wargs
  A soldier ant (D:9)
  4 hell hounds (Lair:6)
  5 porcupines
  8 water moccasins
  30 orc warriors
  14 black bears
  4 sky beasts
  2 ice beasts
  2 wasps (Lair:6)
  10 ogres
  A phantom (D:6)
  19 wolves
  4 centaurs
  9 crocodiles
  6 bullfrogs
  8 gnoll sergeants (Bailey)
  An earth elemental (Lab)
  2 wyvern skeletons
  3 scorpions
  4 wights (D:6)
  7 crimson imps
  3 howler monkeys
  A quasit (D:10)
  3 jellies
  4 lava snakes (Lab)
  19 orc priests
  A bullfrog skeleton (D:8)
  6 gnoll shamans (Bailey)
  18 hounds
  12 orc wizards
  6 iguanas
  7 worker ants
  A howler monkey zombie (D:11)
  Robin (D:2)
  24 gnolls
  11 adders
  65 river rats
  4 shadow imps
  An adder skeleton (D:5)
  An adder zombie (D:9)
  7 dart slugs (D:5)
  3 leopard geckos
  88 orcs
  5 giant cockroaches
  18 goblins
  4 hobgoblins
  2 jackals (D:11)
  4 quokkas
  2 bats
  6 frilled lizards
  5 kobolds
  A leopard gecko skeleton (D:4)
  4 rats
  A fungus (Lair:6)
  2 plants (Lair:6)
622 creatures vanquished.

Vanquished Creatures (collateral kills)
  A water moccasin (Lair:1)
1 creature vanquished.

Vanquished Creatures (others)
  A warg (Orc:2)
  3 orc warriors (Orc:2)
  4 orc priests (Orc:2)
  A hound (Lair:6)
  3 orc wizards (Orc:2)
  6 orcs (Orc:2)
  2 fungi
  7 plants (Lair:6)
  11 spectral weapons
38 creatures vanquished.

Grand Total: 661 creatures vanquished

Notes
Turn   | Place    | Note
-------+----------+-------------------------------------------
     0 | D:1      | jacquesderrida the Vine Stalker Skald began the quest for the Orb.
     0 | D:1      | Reached XP level 1. HP: 11/11 MP: 4/4
    23 | D:1      | Reached skill level 2 in Long Blades
    82 | D:1      | Reached XP level 2. HP: 2/15 MP: 3/6
   278 | D:2      | Noticed Robin
   300 | D:2      | Killed Robin
   300 | D:2      | Reached skill level 3 in Long Blades
   300 | D:2      | Reached XP level 3. HP: 3/18 MP: 7/7
   444 | D:2      | Found a shattered altar of Ashenzari.
   457 | D:2      | Became a worshipper of Ashenzari the Shackled
   529 | D:3      | Found a glowing golden altar of the Shining One.
   532 | D:3      | Found a glowing silver altar of Zin.
   539 | D:3      | Found a shattered altar of Ashenzari.
   705 | D:4      | Gained mutation: Your natural rate of healing is unusually fast. [Vine Stalker growth]
   705 | D:4      | Reached XP level 4. HP: 19/23 MP: 8/8
  1028 | D:4      | Noticed a bullfrog
  1034 | D:4      | Killed a bullfrog
  1034 | D:4      | Reached skill level 4 in Long Blades
  1034 | D:4      | Reached XP level 5. HP: 17/26 MP: 4/9
  1044 | D:4      | Reached skill level 5 in Long Blades
  1089 | D:5      | Entered Level 5 of the Dungeon
  1173 | D:5      | Reached XP level 6. HP: 30/30 MP: 10/10
  1314 | D:5      | Reached skill level 6 in Long Blades
  1318 | D:5      | Reached * piety under Ashenzari
  1379 | D:6      | Noticed a phantom
  1401 | D:6      | Killed a phantom
  1401 | D:6      | Reached XP level 7. HP: 25/34 MP: 11/11
  1543 | D:6      | Reached skill level 7 in Long Blades
  1678 | D:6      | Reached skill level 8 in Long Blades
  1699 | D:6      | Found Roroweow's Antique Armour Shoppe.
  1709 | D:6      | Bought an embroidered cloak for 112 gold pieces
  1748 | D:6      | Gained mutation: You have razor-sharp teeth. [Vine Stalker growth]
  1748 | D:6      | Reached XP level 8. HP: 23/38 MP: 12/12
  1928 | D:6      | Reached skill level 9 in Long Blades
  2313 | D:8      | Reached XP level 9. HP: 39/45 MP: 10/13
  2371 | D:8      | Reached skill level 10 in Long Blades
  2484 | D:7      | Found a staircase to the Ecumenical Temple.
  2620 | D:9      | Found a shimmering altar of Xom.
  2640 | D:9      | Reached skill level 5 in Fighting
  2840 | D:9      | Noticed Psyche
  2869 | D:9      | Found Mifirero's Book Emporium.
  2877 | D:9      | Found a staircase to the Lair.
  2889 | D:10     | Entered Level 10 of the Dungeon
  2896 | D:10     | Noticed a hill giant
  3008 | D:9      | Noticed a troll
  3028 | D:10     | Reached ** piety under Ashenzari
  3059 | D:10     | Found Tek Elez's Distillery.
  3124 | D:10     | Bought a potion of mutation for 30 gold pieces
  3125 | D:10     | Bought a potion of might for 48 gold pieces
  3125 | D:10     | Bought a potion of might for 48 gold pieces
  3165 | D:10     | Found Bemnaan's Weapon Boutique.
  3219 | D:10     | Reached XP level 10. HP: 50/53 MP: 14/14
  3291 | D:10     | Found Mecuza's Armour Boutique.
  3297 | D:10     | Noticed a hill giant
  3317 | D:10     | Killed a hill giant
  3317 | D:10     | Reached skill level 11 in Long Blades
  3328 | D:10     | Found Viarphoyl's Assorted Antiques.
  3349 | D:10     | Killed a hill giant
  3372 | D:10     | Bought a scroll labeled BEF MEXTESELE for 27 gold pieces
  3611 | D:11     | Found a flagged portal.
  3641 | Bailey   | Entered a bailey
  3746 | Bailey   | Learned a level 3 spell: Spectral Weapon
  3820 | Bailey   | Reached skill level 1 in Dodging
  3832 | Bailey   | Reached skill level 1 in Hexes
  4042 | D:11     | Learned a level 3 spell: Regeneration
  4128 | D:11     | Noticed a five-headed hydra
  4222 | D:11     | Found a portal to a secret trove of treasure.
  4247 | D:11     | Reached skill level 12 in Long Blades
  4310 | Lair:1   | Entered Level 1 of the Lair of Beasts
  4310 | Lair:1   | Noticed Gastronok
  4310 | Lair:1   | Noticed Erica
  4318 | Lair:1   | Killed Gastronok
  4318 | Lair:1   | Reached XP level 11. HP: 33/60 MP: 15/15
  4324 | Lair:1   | Killed Erica
  4360 | Lair:1   | Reached skill level 5 in Hexes
  4424 | Lair:1   | Found a labyrinth entrance.
  4434 | Lab      | Entered a labyrinth
  4465 | Lab      | Found an exit through the horrors of the Abyss.
  4577 | Lab      | Reached *** piety under Ashenzari
  4620 | Lab      | Noticed an unseen horror
  4636 | Lab      | Killed an unseen horror
  4655 | Lab      | Noticed a minotaur
  4657 | Lab      | HP: 1/60 [minotaur/falchion of electrocution (15)]
  4664 | Lab      | HP: 2/60 [minotaur/falchion of electrocution (3)]
  4983 | Lair:2   | Reached skill level 5 in Dodging
  5181 | Lair:3   | Reached skill level 5 in Charms
  5184 | Lair:3   | Gained mutation: You heal very quickly. [Vine Stalker growth]
  5184 | Lair:3   | Reached XP level 12. HP: 64/64 MP: 16/16
  5233 | Lair:3   | Reached **** piety under Ashenzari
  5270 | Lair:3   | Reached skill level 13 in Long Blades
  5753 | Lair:4   | Found a staircase to the Shoals.
  5859 | Lair:5   | Reached XP level 13. HP: 69/69 MP: 14/19
  5898 | Lair:6   | Entered Level 6 of the Lair of Beasts
  6277 | Lair:6   | Reached ***** piety under Ashenzari
  6335 | Lair:6   | Reached skill level 5 in Spellcasting
  6344 | Lair:6   | Reached skill level 14 in Long Blades
  6442 | Lair:6   | Identified the ring of Zuodona {+Fly rF+}
  6536 | Lair:6   | Identified Leha's Papyrus of the Oath and Combat Magic
  6737 | Lair:5   | Noticed Kirke
  7082 | Lair:1   | Learned a level 2 spell: Blink
  7085 | Lair:1   | Learned a level 2 spell: Repel Missiles
  7142 | D:11     | Found a roughly hewn altar of Beogh.
  7148 | D:11     | Found a staircase to the Orcish Mines.
  7200 | Orc:1    | Entered Level 1 of the Orcish Mines
  7279 | Orc:1    | Reached XP level 14. HP: 70/76 MP: 24/24
  7293 | Orc:1    | Found Danaofaydd's Magic Scroll Shop.
  7318 | Orc:1    | Bought a scroll of fear for 56 gold pieces
  7412 | Orc:1    | Noticed 4thArraOfDagon's ghost (journeyman TrWr)
  7421 | Orc:1    | Killed 4thArraOfDagon's ghost
  7448 | Orc:1    | Noticed an orc warlord
  7499 | Orc:1    | Noticed an orc warlord
  7540 | Orc:1    | Noticed Maurice
  7549 | Orc:1    | Killed Maurice
  7623 | Orc:2    | Entered Level 2 of the Orcish Mines
  7627 | Orc:2    | Noticed Erolcha
  7635 | Orc:2    | Killed Erolcha
  7704 | Orc:2    | Found a flickering gateway to a bazaar.
  7717 | Orc:2    | Noticed an orc warlord
  7723 | Bazaar   | Entered a bazaar
  7723 | Bazaar   | Found Deuxke's Magic Scroll Boutique.
  7723 | Bazaar   | Found Haajueh's Weapon Boutique.
  7742 | Bazaar   | Found Doxkuac's Jewellery Boutique.
  7776 | Bazaar   | Found Zougot's Jewellery Shop.
  7801 | Bazaar   | Bought a +2 vampiric demon blade for 684 gold pieces
  7841 | Bazaar   | Bought a scroll of identify for 24 gold pieces
  7841 | Bazaar   | Bought a scroll of fog for 24 gold pieces
  7841 | Bazaar   | Bought a scroll of identify for 24 gold pieces
  7841 | Bazaar   | Bought a scroll of magic mapping for 42 gold pieces
  7841 | Bazaar   | Bought a scroll of remove curse for 36 gold pieces
  7841 | Bazaar   | Bought a scroll of remove curse for 36 gold pieces
  7865 | Orc:2    | Reached skill level 10 in Fighting
  7882 | Orc:2    | Killed an orc warlord
  7882 | Orc:2    | Reached skill level 1 in Armour
  7918 | Orc:2    | Found a staircase to the Elven Halls.
  8350 | Orc:2    | Reached skill level 1 in Stealth
  8582 | Orc:2    | Found Fuobi's Food Emporium.
  8582 | Orc:2    | Found Yriloc's Jewellery Emporium.
  8583 | Orc:2    | Found Jekkuogg's Food Emporium.
  8583 | Orc:2    | Found Tidejous's Book Shoppe.
  8605 | Orc:2    | Upgraded the game from 0.19-a0-1626-g5215c36 to 0.19-a0-1637-gfc13266
  8746 | Orc:1    | Found a roughly hewn altar of Beogh.
  8795 | D:11     | Slain by an orc knight

Vault maps used:
D:1:      moated_graveyard_arrival
D:2:      ashenzari_altar_1, uniq_robin, uniq_natasha
D:3:      grunt_temple_overflow_open
D:5:      kennysheep_slugbush, first_bread
D:6:      serial_shops, shop, nicolae_underground_beach
D:8:      serial_glass, glass_columns_a, glass_columns_b
D:9:      lair_0_dummy, serial_shops, nicolae_shop_behind_doors, basic_altar,
          grunt_pizzeria, uniq_psyche
D:10:     serial_shops, shop, nicolae_shop_crystal, shop,
          nicolae_shop_temple_entry_statues_fountains
D:11:     david_orc_5, enter_bailey_3, enter_trove_1, uniq_nergalle, uniq_grum
D:12:     hangedman_decor_clover_reticule, uniq_sonja
Lair:1:   lab_entry_generic, beast_lair_carwin_6, lemuel_fruit_fields,
          grunt_megastairs_3, uniq_gastronok, uniq_erica
Lair:2:   minivault_24, lemuel_fruit_fields, infiniplex_staircase_pool_2
Lair:3:   eino_small_chamber_without_monster
Lair:4:   elwin_shoals_entry_stream, dummy_snake_entry,
          hangedman_lair_generics_rect
Lair:5:   dpeg_slime_entry_enclosed_altar, serial_bayou_shore_a, uniq_kirke
Lair:6:   hangedman_lair_caniforms_friends, hangedman_lair_tendril_chambers
Orc:1:    serial_shops, shop_statue, basic_altar, minmay_orc_treasury,
          uniq_maurice
Orc:2:    st_orc_pillars, serial_shops, freezing_bzr, uniq_erolcha
Lab:      labyrinth_watery, nicolae_lab_lava, nicolae_lab_dead_end,
          labyrinth_fake_exit, nicolae_lab_flowing_pool, nicolae_lab_stuck,
          labyrinth_skeletal_remains, nicolae_lab_x, labyrinth_lava_lair,
          nicolae_lab_diamond, nicolae_lab_t_cross, labyrinth_glass_1
Bazaar:   bazaar_jpeg_ribbon
Bailey:   bailey_polearm_gnolls_kennysheep, bailey

Skill      XL: |  1  2  3  4  5  6  7  8  9 10 11 12 13 14 |
---------------+-------------------------------------------+-----
Long Blades    | 2 3 4 5 6 8 9 10 12 13 14 | 14.5
Fighting       | 3 6 7 8 9 10 | 10.5
Dodging        | 3 5 7 8 9 |  9.5
Hexes          | 4 5 |  5.1
Charms         | 5 7 |  7.1
Spellcasting   | 3 6 7 |  7.1
Armour         | 3 |  3.0
Stealth        | 3 |  3.3

Action                   |  1- 3 |  4- 6 |  7- 9 | 10-12 | 13-15 || total
-------------------------+-------+-------+-------+-------+-------++-------
Melee: Falchion          |    58 |       |       |       |       ||    58
       Bite              |    26 |    38 |   141 |   204 |   305 ||   714
       Long sword        |    49 |   133 |   110 |       |       ||   292
       Scimitar          |       |       |   371 |    21 |       ||   392
       Great sword       |       |       |       |   619 |   596 ||  1215
       Demon blade       |       |       |       |       |   398 ||   398
Throw: Throwing net      |       |       |       |     2 |       ||     2
 Cast: Infusion          |     2 |       |       |       |       ||     2
       Spectral Weapon   |       |       |       |    10 |    27 ||    37
       Repel Missiles    |       |       |       |       |     2 ||     2
Invok: Curse Item        |       |       |     1 |       |     2 ||     3
       Scrying           |       |       |       |       |     1 ||     1
Evoke: Wand              |       |       |     7 |     3 |     7 ||    17
       Fan of gales      |       |       |       |     1 |       ||     1
  Use: Potion            |     2 |       |       |     4 |     1 ||     7
       Scroll            |       |       |    18 |     4 |     7 ||    29
 Stab: Sleeping          |       |       |     1 |     2 |     1 ||     4
       Distracted        |       |       |     1 |     2 |     2 ||     5
       Held in net/web   |       |       |       |     1 |       ||     1
  Eat: Chunk             |       |     2 |    11 |    11 |    14 ||    38
       Beef jerky        |       |       |     1 |       |       ||     1
       Bread ration      |       |       |       |       |     1 ||     1
Armor: Leather armour    |    37 |    53 |   226 |   228 |   183 ||   727
Dodge: Dodged            |    49 |    60 |   221 |   360 |   507 ||  1197
       Deflected         |       |       |       |       |     4 ||     4
